 Dungeon Sprint DCSS version 0.29-a0-577-gafbf2c5d25 (webtiles) character file.

Game seed: 17846107114624843804

373 mhtbhm the Grappler (level 6, -15/47 HPs)
             Began as a Minotaur Transmuter on June 13, 2022.
             Was an Initiate of Gozag.
             Demolished by a two-headed ogre
             ... wielding a +0 giant club
              (20 damage)
             ... in the Dungeon (Sprint IX: "|||||||||||||||||||||||||||||").
             The game lasted 00:01:11 (770 turns).

mhtbhm the Grappler (Minotaur Transmuter)            Turns: 770, Time: 00:01:12

Health: -15/47     AC:  2    Str: 19    XL:     6   Next: 43%
Magic:  10/11      EV: 14    Int: 10    God:    Gozag
Gold:   0          SH:  0    Dex: 14    Spells: 11/14 levels left

rFire   . . .      SeeInvis .     - Unarmed
rCold   . . .      Faith    .   (no shield)
rNeg    . . .      Spirit   .   a - +0 robe
rPois   .          Reflect  .   (helmet restricted)
rElec   .          Harm     .   (no cloak)
rCorr   .          Rampage  .   (no gloves)
Will    .....      NoTele   +   (no boots)
Stlth   ++........              (no amulet)
HPRegen 0.15/turn               l - +3 ring of strength
MPRegen 0.12/turn               k - +3 ring of dexterity

@: very slightly contaminated
A: horns 2, retaliatory headbutt
a: Renounce Religion, Potion Petition, Call Merchant, Bribe Branch


You were in the Dungeon.
You worshipped Gozag.
Gozag was noncommittal.
You visited 1 branch

Inventory:

Armour
 a - a +0 robe (worn)
Jewellery
 k - a +3 ring of dexterity (right hand)
 l - a +3 ring of strength (left hand)
Wands
 j - a wand of iceblast (6)
Scrolls
 h - a scroll of blinking
 i - 2 scrolls of amnesia
Potions
 c - 5 potions of curing
 d - 2 potions of heal wounds
 e - a potion of haste
 f - 4 potions of magic


   Skills:
 + Level 1.2 Fighting
 + Level 5.9 Dodging
 + Level 2.3 Stealth
 + Level 11.1 Unarmed Combat
 + Level 4.5 Spellcasting
 + Level 4.3 Transmutations


You had 11 spell levels left.
You knew the following spells:

 Your Spells              Type           Power      Damage    Failure   Level
a - Beastly Appendage     Tmut           22%        N/A       4%          1
b - Wereblood             Tmut           11%        N/A       6%          2

Your spell library contained the following spells:

 Spells                   Type           Power      Damage    Failure   Level
 Spider Form              Tmut/Pois      6%         N/A       30%         3
 Ice Form                 Ice/Tmut       6%         N/A       69%         4


Dungeon Overview and Level Annotations

Branches:
Dungeon (1/1)

Altars:
Cheibriados
Dithmenos
Elyvilon
Fedhas
Gozag
Hepliaklqana
Kikubaaqudgha
Makhleb
Nemelex Xobeh
Okawaru
Qazlal
Ru
Sif Muna
Trog
Uskayaw
Vehumet
Wu Jian
Xom
Yredelemnul
Zin
The Shining One
Beogh
Jiyva
Lugonu


Innate Abilities, Weirdness & Mutations

You have a pair of horns on your head.
You reflexively headbutt those who attack you in melee.


Message History

Press: ? - help, Shift-Dir - straight line, f/p - two-headed ogre
Aim: a two-headed ogre, wielding a +0 giant club and a +0 giant spiked club (lightly wounded)
The mass of ice explodes!
The iceblast engulfs the two-headed ogre!
The two-headed ogre is moderately wounded.
Unknown command.
Aiming: Iceblast
Press: ? - help, Shift-Dir - straight line, f/p - two-headed ogre
Aim: a two-headed ogre, wielding a +0 giant club and a +0 giant spiked club (moderately wounded)
The mass of ice explodes!
The iceblast engulfs the two-headed ogre!
The two-headed ogre is heavily wounded.
Unknown command.
Unknown command.
Aiming: Iceblast
Press: ? - help, Shift-Dir - straight line, f/p - two-headed ogre
Aim: a two-headed ogre, wielding a +0 giant club and a +0 giant spiked club (heavily wounded)
The mass of ice explodes!
The iceblast engulfs the two-headed ogre!
The two-headed ogre is severely wounded.
Unknown command.
Unknown command.
Casting: Beastly Appendage (safe; 4% risk of failure)
Confirm with . or Enter, or press ? or * to list all spells.
You miscast Beastly Appendage.
You are very lightly contaminated with residual magic.
Nothing appears to happen.
The two-headed ogre closely misses you. The two-headed ogre misses you.
You barely miss the two-headed ogre.
Your headbutt misses the two-headed ogre.
The two-headed ogre is severely wounded.
You hit the two-headed ogre.
Your headbutt misses the two-headed ogre.
The two-headed ogre is severely wounded.
The two-headed ogre hits you with a +0 giant club!!
Ouch! That really hurt!
* * * LOW HITPOINT WARNING * * *
The two-headed ogre hits you with a +0 giant spiked club!!
You die...
Your body crumbles into a pile of gold.

$$$ $
▓▓▓▓▓▓▓▓▓▓▓▓▓▓▓▓▓▓
'.....)..).)').O@▓
▓▓▓▓▓▓▓▓▓▓▓▓▓▓▓▓▓▓


You could see a two-headed ogre.

Vanquished Creatures
  A troll (D)
  A yak (D)
  An adder (D)
  A white imp (D)
  A dart slug (D)
  2 orcs (D)
  A goblin (D)
  A frilled lizard (D)
  2 kobolds (D)
  A rat (D)
12 creatures vanquished.

Notes
Turn   | Place    | Note
-------+----------+-------------------------------------------
     0 | D        | mhtbhm the Minotaur Transmuter began the quest for the Orb.
     0 | D        | Reached XP level 1. HP: 16/16 MP: 1/1
     6 | D        | Banished a spatial maelstrom
   124 | D        | Reached skill level 4 in Unarmed Combat
   361 | D        | Reached XP level 2. HP: 21/23 MP: 1/3
   366 | D        | Reached skill level 5 in Unarmed Combat
   535 | D        | Found a snail-covered altar of Cheibriados.
   535 | D        | Found a shadowy altar of Dithmenos.
   535 | D        | Found a white marble altar of Elyvilon.
   535 | D        | Found a blossoming altar of Fedhas.
   535 | D        | Found an opulent altar of Gozag.
   536 | D        | Found a hazy altar of Hepliaklqana.
   537 | D        | Found a viscous altar of Jiyva.
   538 | D        | Found an ancient bone altar of Kikubaaqudgha.
   539 | D        | Found a corrupted altar of Lugonu.
   540 | D        | Found a burning altar of Makhleb.
   541 | D        | Found a sparkling altar of Nemelex Xobeh.
   542 | D        | Found an iron altar of Okawaru.
   543 | D        | Found a stormy altar of Qazlal.
   544 | D        | Found a sacrificial altar of Ru.
   545 | D        | Found a shimmering blue altar of Sif Muna.
   546 | D        | Found a bloodstained altar of Trog.
   547 | D        | Found a hide-covered altar of Uskayaw.
   548 | D        | Found a radiant altar of Vehumet.
   549 | D        | Found an ornate altar of the Wu Jian Council.
   550 | D        | Found a shimmering altar of Xom.
   551 | D        | Found a basalt altar of Yredelemnul.
   552 | D        | Found a glowing silver altar of Zin.
   553 | D        | Found a glowing golden altar of the Shining One.
   565 | D        | Became a worshipper of Gozag Ym Sagoz the Greedy
   605 | D        | Learned a level 2 spell: Wereblood
   607 | D        | Noticed a two-headed ogre
   607 | D        | Noticed a wight
   607 | D        | Noticed a two-headed ogre
   607 | D        | Noticed an orc warrior
   607 | D        | Noticed a yak
   607 | D        | Noticed a troll
   612 | D        | Killed a troll
   613 | D        | Reached skill level 5 in Dodging
   613 | D        | Reached skill level 1 in Stealth
   613 | D        | Reached skill level 9 in Unarmed Combat
   613 | D        | Reached XP level 3. HP: 16/28 MP: 1/7
   613 | D        | Reached XP level 4. HP: 20/35 MP: 1/9
   613 | D        | Reached XP level 5. HP: 23/40 MP: 1/10
   617 | D        | Killed a yak
   618 | D        | Reached skill level 11 in Unarmed Combat
   618 | D        | Reached XP level 6. HP: 12/47 MP: 1/11
   770 | D        | Demolished by a two-headed ogre

Illustrated notes

Levels and vault maps discovered:
D:        linesprint [early_d, line_temple, items_1, d_10, items_2, lair_1,
          lair_end, items_3, orc_1, orc_end, items_4, d_15, swamp_1, shoals_1,
          snake_1, spider_1, d_20, vaults_1, items_5, swamp_end, shoals_end,
          snake_end, spider_end, vaults_end, d_27, items_6, zot_1, zot_end,
          crypt_end, forest_end, elf_end, slime_end, tomb_end, abyss_end,
          pan_hell_end]

Skill      XL: |  1  2  3  4  5 |
---------------+----------------+-----
Unarmed Combat | 4 9 11 | 11.1
Transmutations | 2 3 4 |  4.3
Spellcasting   | 4 |  4.5
Dodging        | 5 |  5.9
Stealth        | 1 2 |  2.3
Fighting       | |  1.2

Action                   |  1- 3 |  4- 6 || total
-------------------------+-------+-------++-------
Melee: Unarmed           |    22 |     7 ||    29
       Kick              |     2 |     1 ||     3
 Cast: Beastly Appendage |     3 |       ||     3
       Wereblood         |     1 |       ||     1
Evoke: Wand              |       |     4 ||     4
  Use: Potion            |     4 |       ||     4
       Scroll            |       |     1 ||     1
 Stab: Invisible         |     1 |     1 ||     2
Armor: Skin              |     8 |       ||     8
       Robe              |     1 |       ||     1
Dodge: Dodged            |     6 |     2 ||     8

Table legend: (Time is in decaauts)
 A = Elapsed time spent in this place.
 B = Non-inter-level travel time spent in this place.
 C = Inter-level travel time spent in this place.
 D = Time resting spent in this place.
 E = Time spent auto-exploring this place.
 F = Levels seen in this place.
 G = Mean time per level.
                   A        B        C        D        E       F      G
               +--------+--------+--------+--------+--------+-----+--------+
         Total |    774 |    774 |      0 |    590 |      0 |   1 |  774.0 |
       Dungeon |    774 |    774 |      0 |    590 |      0 |   1 |  774.0 |
               +--------+--------+--------+--------+--------+-----+--------+

Top non-repeatable levels by time:
       D: 774 daAuts
